 Dungeon Crawl Stone Soup version 0.31-a0-825-gf28bc0971e (webtiles) character file.

Game seed: 366883889678695401

60 qw the Shooter (level 4, -1/28 HPs)
             Began as a Gargoyle Hunter on Sept 23, 2023.
             Slain by Robin
             ... wielding a +4 spear of freezing
              (3 damage)
             ... on level 2 of the Dungeon.
             The game lasted 00:00:18 (615 turns).

qw the Shooter (Gargoyle Hunter)                     Turns: 615, Time: 00:00:18

Health: -1/28      AC:  7    Str: 14    XL:     4   Next: 6%
Magic:  4/4        EV: 12    Int: 10    God:
Gold:   91         SH:  0    Dex: 21    Spells: 3/3 levels left

rFire   . . .        Y - +0 shortbow
rCold   . . .        (shield currently unavailable)
rNeg    + . .        c - +0 leather armour
rPois   inf          (no helmet)
rElec   +            f - +0 cloak
rCorr   .            (no gloves)
SInv    .            (no boots)
Will    .....        (no amulet)
Stlth   ++           d - +6 ring of dexterity
HPRegen 0.24/turn    (no ring)
MPRegen 0.09/turn

%: no passive effects
@: no status effects
A: sickness immunity, AC +3, negative energy resistance 1, electricity
resistance, torment resistance 1, petrification resistance
a: no special abilities


You were on level 2 of the Dungeon.
You visited 1 branch of the dungeon, and saw 2 of its levels.

You collected 91 gold pieces.


Innate Abilities, Weirdness & Mutations

You are immune to sickness and miasma.
Your stone body is resilient. (AC +3)
You are immune to poison.
You resist negative energy. (rN+)
You are resistant to electric shocks. (rElec)
You are resistant to unholy torment.
You are immune to petrification.


   Skills:
 - Level 3.0 Fighting
 + Level 5.1 Ranged Weapons
 - Level 1.5 Dodging
 - Level 1.1 Stealth


You had 3 spell levels left.
You didn't know any spells.
Your spell library was empty.

Inventory:

Hand Weapons
 Y - a +0 shortbow (weapon)
Armour
 b - a +0 helmet
 c - a +0 leather armour (worn)
 f - a +0 cloak (worn)
Jewellery
 d - a +6 ring of dexterity (left hand)
Wands
 h - a wand of digging (2)
Scrolls
 a - a scroll of silence {unknown}
Potions
 e - a potion of resistance {unknown}
 g - a potion of lignification {unknown}

Dungeon Overview and Level Annotations

Branches:
Dungeon (2/15)

Altars:

Annotations:
D:2 Robin


Message History

Robin closely misses you.
You shoot an arrow. The arrow completely misses Robin.
Robin hits you from afar with a +4 spear of freezing.
Robin freezes you. Robin barely misses you.
You shoot an arrow. The arrow barely misses the hobgoblin.
The arrow hits Robin.
Robin is moderately wounded.
Robin hits you from afar with a +4 spear of freezing.
Robin freezes you.
A hobgoblin comes into view. It is wielding a +0 falchion.
The hobgoblin hits you but does no damage.
You shoot an arrow. The arrow barely misses the hobgoblin.
The arrow hits Robin.
Robin is heavily wounded.
Robin hits you but does no damage. The hobgoblin barely misses you.
You shoot an arrow. The arrow barely misses the hobgoblin.
The arrow closely misses Robin.
The arrow closely misses the hobgoblin.
Robin hits you from afar with a +4 spear of freezing.
Robin freezes you.
You shoot an arrow. The arrow hits the hobgoblin.
The hobgoblin is moderately wounded.
Robin hits you but does no damage.
The hobgoblin hits you but does no damage.
The goblin hits you but does no damage.
You shoot an arrow. The arrow closely misses the hobgoblin.
Robin throws the goblin at you!
The hobgoblin hits you but does no damage.
The goblin hits you but does no damage.
You shoot an arrow. The arrow closely misses the hobgoblin.
The goblin no longer looks unusually strong.
The hobgoblin closely misses you.
Robin hits you from afar with a +4 spear of freezing.
Robin freezes you. The goblin closely misses you.
The hobgoblin hits you but does no damage.
You shoot an arrow. The arrow hits the hobgoblin!
You kill the hobgoblin!
The hobgoblin no longer looks unusually strong.
Robin barely misses you. The goblin closely misses you.
Robin hits you from afar with a +4 spear of freezing!
Robin freezes you.
You die...
Robin calls out, "Let's celebrate!
Time for a feast!"

..####.#...... ...#
#........ #...###
##....... ..)....
##..)... ...#. #......
.%.. #...%.. #g.
..###.....( #g)##
#.##....... #.g@##
........... #)#.g#
##.......... #.. ##.#
#..##.......
###..##.####....%..<...
......<................
###..####.....##.......
#.. ##..##....##.### #.
#...###..###.# #
#...##...##..#


You could see Robin, 2 hobgoblins and a goblin.

Vanquished Creatures
  3 adders (D:2)
  A dart slug (D:1)
  A bat (D:2)
  An endoplasm (D:2)
  2 giant cockroaches
  11 goblins
  4 hobgoblins
  A kobold (D:1)
  A quokka (D:1)
  2 frilled lizards (D:1)
  3 rats (D:1)
30 creatures vanquished.

Notes
Turn   | Place    | Note
-------+----------+-------------------------------------------
     0 | D:1      | qw the Gargoyle Hunter began the quest for the Orb.
     0 | D:1      | Reached XP level 1. HP: 12/12 MP: 1/1
     0 | D:1      | 0 ||| qw: Version: 0.3-a-83-gcd0e7d8
     0 | D:1      | 0 ||| qw: Game counter: 1808
     0 | D:1      | 0 ||| qw: Melee chars always use a shield: true
     0 | D:1      | 0 ||| qw: God list: Okawaru
     0 | D:1      | 0 ||| qw: Allow faded altars: false
     0 | D:1      | 0 ||| qw: Do Orc after clearing Dungeon:15 true
     0 | D:1      | 0 ||| qw: Do second Lair branch before Depths: true
     0 | D:1      | 0 ||| qw: Lair rune preference: random
     0 | D:1      | 0 ||| qw: Goals: Normal
     0 | D:1      | 0 ||| PLANNING D:1-11
   160 | D:1      | Reached XP level 2. HP: 17/17 MP: 2/2
   335 | D:1      | Found a faded altar of an unknown god.
   397 | D:1      | 397 ||| UPGRADING to +0 cloak.
   402 | D:1      | 402 ||| UPGRADING to +6 ring of dexterity.
   403 | D:1      | 403 ||| READING scroll labelled CILAIPOYRO.
   404 | D:1      | 404 ||| DROPPING scroll of butterflies.
   424 | D:2      | Reached XP level 3. HP: 21/21 MP: 3/3
   427 | D:2      | Reached skill level 5 in Ranged Weapons
   600 | D:2      | Noticed Robin
   603 | D:2      | Reached skill level 3 in Fighting
   606 | D:2      | Reached XP level 4. HP: 25/28 MP: 4/4
   615 | D:2      | HP: 2/28 [Robin/+4 spear of freezing (8)]
   615 | D:2      | Slain by Robin

Levels and vault maps discovered:
D:1:      nagdon_arrival_double_spiral, layout_rooms,
          dreamdust_ecumenical_altar_hidden_monk_grotto
D:2:      layout_rooms, uniq_robin

Skill      XL: |  1  2  3 |
---------------+----------+-----
Ranged Weapons | 5 |  5.1
Fighting       | 3 |  3.0
Dodging        | |  1.5
Stealth        | |  1.1

Action                     |  1- 3 |  4- 6 || total
---------------------------+-------+-------++-------
   Fire: Shortbow          |    62 |    10 ||    72
    Use: Scroll            |     1 |       ||     1
 Armour: Leather armour    |    13 |    13 ||    26
  Dodge: Dodged            |    10 |     7 ||    17

Table legend:
 A = Non-vault XP
 B = Vault XP
 C = Vault XP percentage of total XP
 D = Non-vault monster count
 E = Vault monster count
 F = Vault count percentage of total count
                 A         B        C        D         E       F
            +---------+---------+-------+---------+---------+-------
      Total |      74 |      15 |  16.9 |      22 |       8 |  26.7
            +---------+---------+-------+---------+---------+-------
        D:1 |      23 |       0 |   0.0 |      13 |       0 |   0.0
        D:2 |      51 |      15 |  22.7 |       9 |       8 |  47.1
            +---------+---------+-------+---------+---------+-------
